 Dungeon Crawl Stone Soup version 0.28-a0-1404-g4df0f3684d (webtiles) character file.

Game seed: 12110824316123457184

467 snetch the Gouger (level 6, 0/42 HPs)
             Began as a Felid Berserker on Jan 5, 2022.
             Was a Believer of Trog.
             Succumbed to an orc's poison
             ... on level 7 of the Dungeon.
             The game lasted 00:20:31 (7718 turns).

snetch the Gouger (Felid Berserker)                 Turns: 7718, Time: 00:20:32

Health: 0/42       AC:  2    Str: 13    XL:     6   Next: 81%
Magic:  7/7        EV: 21    Int:  9    God:    Trog [**....]
Gold:   257        SH:  0    Dex: 17    Spells: 5/5 levels left
                                        Lives:  0   Deaths: 2

rFire   . . .      SeeInvis +     - Unarmed
rCold   . . .      Faith    +   (shield unavailable)
rNeg    . . .      Spirit   .   (armour unavailable)
rPois   .          Reflect  .   (helmet unavailable)
rElec   .          Harm     .   (cloak unavailable)
rCorr   .          Rampage  .   (gloves unavailable)
Will    .....                   (boots unavailable)
Stlth   ..........              q - amulet of faith
HPRegen 0.14/turn               o - ring of flight
MPRegen 0.10/turn               (no ring)

@: berserking, lethally poisoned (0 -> -12), flying, very quick
A: very small, claws 1, fangs 3, see invisible, speed 1, shaggy fur 2, stealthy
paws, no weapons or thrown items, no armour, multi-lived
a: Renounce Religion, Berserk, Trog's Hand


You were on level 7 of the Dungeon.
You worshipped Trog.
Trog was pleased with you.
You visited 2 branches of the dungeon, and saw 8 of its levels.

You collected 277 gold pieces.
You spent 20 gold pieces at shops.

Inventory:

Jewellery
 o - a ring of flight (left paw)
 q - an amulet of faith (around neck)
Wands
 i - a wand of polymorph (26)
Scrolls
 b - a scroll of identify
 d - 4 scrolls of teleportation
 e - a scroll of torment
 g - 2 scrolls of amnesia {unknown}
 h - a scroll of enchant weapon
 j - a scroll of vulnerability
 k - a scroll of magic mapping {unknown}
 l - a scroll of blinking {unknown}
 m - 2 scrolls of fog {unknown}
 n - a scroll of silence {unknown}
 r - a scroll of enchant armour {unknown}
 t - a scroll of fear {unknown}
Potions
 a - 2 potions of heal wounds
 c - 2 potions of might
 f - 2 potions of attraction {unknown}
 p - 2 potions of curing {unknown}
 s - a potion of haste {unknown}


   Skills:
 + Level 4.3 Fighting
 + Level 7.2 Dodging
 + Level 4.8 Stealth
 + Level 8.9 Unarmed Combat


You had 5 spell levels left.
You didn't know any spells.
Your spell library contained the following spells:

 Spells                   Type           Power      Damage    Failure   Level
 Beastly Appendage        Tmut           0%         N/A       38%         1
 Wereblood                Tmut           0%         N/A       52%         2
 Gell's Gravitas          Tloc           0%         N/A       77%         3
 Lesser Beckoning         Tloc           0%         N/A       77%         3
 Spider Form              Tmut/Pois      0%         N/A       77%         3
 Teleport Other           Tloc           0%         N/A       77%         3
 Fulminant Prism          Conj/Hex       0%         3d6       99%         4
 Iskenderun's Mystic Bla  Conj/Tloc      0%         2d3       99%         4
 Lee's Rapid Deconstruct  Erth           0%         3d5*      100%        5


Dungeon Overview and Level Annotations

Branches:
Dungeon (7/15)             Temple (1/1) D:5

Altars:
Ashenzari
Cheibriados
Dithmenos
Elyvilon
Fedhas
Gozag
Hepliaklqana
Kikubaaqudgha
Makhleb
Nemelex Xobeh
Okawaru
Qazlal
Ru
Sif Muna
Trog
Uskayaw
Vehumet
Wu Jian
Xom
Yredelemnul
Zin
The Shining One

Shops:
D:2 *(?*   D:3 [

Annotations:
D:3 animals behind stone


Innate Abilities, Weirdness & Mutations

You have sharp claws.
You have razor-sharp teeth.
You have supernaturally acute eyesight. (SInv)
You cover ground quickly. (Speed+)
You are covered in thick fur. (AC +2)
Your paws help you pounce on unaware monsters.
You are incapable of wielding weapons or throwing items.
You cannot wear armour.
You gain extra lives every three experience levels.


Message History

You feel yourself moving faster!
You feel mighty!
You feel very sick.
The orc priest calls down the wrath of Beogh upon you.
You resist with significant effort. The orc hits you but does no damage.
You are more poisoned.
You scratch the orc priest.
The orc priest is moderately wounded.
You feel sick.
You closely miss the orc priest.
The orc priest is moderately wounded.
You feel sick.
The orc priest begins to cast a cantrip, but forgets the words!
The orc hits you but does no damage.
You are lethally poisoned!
You scratch the orc.
The orc is moderately wounded.
* * * LOW HITPOINT WARNING * * *
You feel very sick.
You scratch the orc.
You kill the orc!
Trog accepts your kill.
* * * LOW HITPOINT WARNING * * *
You feel sick. The orc priest hits you with a +0 club.
* * * LOW HITPOINT WARNING * * *
You scratch the orc priest.
The orc priest is moderately wounded.
* * * LOW HITPOINT WARNING * * *
You feel very sick.
You mangle the orc priest!!
You kill the orc priest!
Trog accepts your kill.
* * * LOW HITPOINT WARNING * * *
You feel sick.
You scratch the orc.
You kill the orc!
Trog accepts your kill.
* * * LOW HITPOINT WARNING * * *
You feel sick.
Okay, then.
You die...

## #### #. ...#
#####. .##.#
.....##.##.#
#.....##.#
#.[@####.##
#..)......#
#.........#
.......#####.####
####.#.##.......#
#.#.##.##.##.#
..#.##.##.# #
####.......#
###.#####


There were no monsters in sight!

Vanquished Creatures
  2 water moccasins
  Duvessa (D:5)
  A sky beast (D:5)
  A black bear (D:4)
  An ogre (D:6)
  A phantom (D:5)
  A scorpion (D:6)
  Dowan (D:5)
  A wyvern skeleton (D:6)
  3 jellies (D:5)
  Crazy Yiuf (D:4)
  A centaur zombie (D:3)
  2 hounds
  3 bullfrog skeletons
  3 orc priests
  Ijyb (D:4)
  2 orc wizards (D:6)
  2 hound skeletons
  A howler monkey skeleton (D:5)
  3 gnolls (D:6)
  7 adders
  A worm (D:2)
  A dart slug (D:2)
  15 orcs
  8 ball pythons
  8 endoplasms
  2 giant cockroaches (D:2)
  4 goblins
  7 hobgoblins
  2 jackals (D:1)
  9 kobolds
  A quokka (D:3)
  8 bats
  4 frilled lizards
  5 rats
114 creatures vanquished.

Notes
Turn   | Place    | Note
-------+----------+-------------------------------------------
     0 | D:1      | snetch the Felid Berserker began the quest for the Orb.
     0 | D:1      | Reached XP level 1. HP: 10/10 MP: 2/2
   296 | D:1      | Reached XP level 2. HP: 13/14 MP: 3/3
  1308 | D:2      | Found Pecagel's Magic Scroll Emporium.
  1313 | D:2      | Bought a scroll of identify for 20 gold pieces
  1441 | D:2      | Reached XP level 3. HP: 11/17 MP: 4/4
  1560 | D:2      | Found a faded altar of an unknown god.
  1614 | D:2      | Found Ocebbebb's Assorted Antiques.
  1949 | D:2      | Reached ** piety under Trog
  2131 | D:2      | Reached skill level 1 in Stealth
  2308 | D:2      | Reached skill level 4 in Unarmed Combat
  2366 | D:2      | Found Xiuririu's Antique Weapon Emporium.
  2383 | D:2      | Reached XP level 4. HP: 21/21 MP: 5/5
  2527 | D:2      | Found Nison's General Store.
  2557 | D:3      | Found Nucvits's Armour Emporium.
  2636 | D:3      | Found a broken altar of Ashenzari.
  2640 | D:3      | Saw a vision of the Shoals and the Spider Nest.
  2640 | D:3      | Noticed a merfolk
  2640 | D:3      | Noticed a sea snake
  2640 | D:3      | Noticed a merfolk siren
  2640 | D:3      | Noticed a wind drake
  2640 | D:3      | Noticed a sea snake
  2640 | D:3      | Noticed a centaur
  2640 | D:3      | Noticed a merfolk
  2640 | D:3      | Noticed a merfolk siren
  2640 | D:3      | Noticed a scorpion
  2640 | D:3      | Noticed a merfolk
  2641 | D:3      | Noticed a redback
  2641 | D:3      | Noticed a wolf spider
  2642 | D:3      | Noticed a wind drake
  3175 | D:3      | Reached skill level 5 in Dodging
  3307 | D:4      | Noticed Ijyb
  3442 | D:4      | Killed Ijyb
  3443 | D:4      | Reached XP level 5. HP: 23/24 MP: 6/6
  4189 | D:4      | Reached skill level 5 in Unarmed Combat
  4344 | D:4      | Found a runed translucent door.
  4345 | D:4      | Noticed Crazy Yiuf
  4360 | D:4      | Killed Crazy Yiuf
  4531 | D:4      | Noticed a black bear
  4540 | D:4      | Killed a black bear
  4541 | D:4      | Gained mutation: You are covered in thick fur. (AC +2)
                  | [Felid growth]
  4541 | D:4      | Reached XP level 6. HP: 28/28 MP: 7/7
  4708 | D:5      | Entered Level 5 of the Dungeon
  5164 | D:5      | Noticed Duvessa
  5164 | D:5      | Noticed Dowan
  5175 | D:5      | HP: 2/42 [Dowan (4)]
  5176 | D:5      | Killed Duvessa
  5177 | D:5      | Reached skill level 6 in Unarmed Combat
  5183 | D:5      | Killed Dowan
  5184 | D:5      | Reached XP level 7. HP: 3/31 MP: 8/8
  5780 | D:5      | Reached skill level 7 in Unarmed Combat
  6067 | D:6      | Reached XP level 8. HP: 36/36 MP: 9/9
  6180 | D:5      | Found a staircase to the Ecumenical Temple.
  6189 | Temple   | Entered the Ecumenical Temple
  6750 | D:6      | Found a sparkling altar of Nemelex Xobeh.
  6751 | D:6      | Found a sacrificial altar of Ru.
  6752 | D:6      | Found a shimmering altar of Xom.
  6752 | D:6      | Found an opulent altar of Gozag.
  6762 | D:6      | Reached skill level 8 in Unarmed Combat
  6788 | D:6      | Found a white marble altar of Elyvilon.
  6788 | D:6      | Found a hazy altar of Hepliaklqana.
  6789 | D:6      | Found an ornate altar of the Wu Jian Council.
  6966 | D:6      | Reached *** piety under Trog
  7141 | D:6      | HP: 1/36 [steam dragon] (9)]
  7141 | D:6      | Killed from afar by a steam dragon
  7142 | D:6      | Reached XP level 7. HP: -18/32 MP: 8/8
  7177 | D:6      | Found an ancient bone altar of Kikubaaqudgha.
  7201 | D:6      | Identified the +6 short sword of Soton {pain, rN+ Dex+4}
  7677 | D:6      | Killed from afar by a steam dragon
  7678 | D:6      | Reached XP level 6. HP: -2/28 MP: 7/7
  7717 | D:7      | HP: 2/42 [poisoned by an orc]
  7718 | D:7      | Succumbed to an orc's poison

Illustrated notes

Levels and vault maps discovered:
D:1:      dpeg_arrival_yet_another_circle, layout_loops_corners
D:2:      layout_loops_ring, serial_shops, shop, nicolae_shop_crystal,
          nicolae_shop_hallway_plus, shop, shapermc_ecumenical_altar_notcrosses,
          minmay_shallow_snake_nest
D:3:      layout_basic, grunt_ashenzari_visionary
          [grunt_ashenzari_visionary_shoals, grunt_ashenzari_visionary_spider],
          serial_shops, shop_fountains, nrook_uturn
D:4:      layout_basic, uniq_crazy_yiuf_cottage, uniq_ijyb
D:5:      layout_loops_ring, minmay_temple_entry_gardened_gates,
          corexii_hall_statues_x, hangedman_decor_points, uniq_duvessa
D:6:      layout_loops_ring, kiku_gazebo_garden_becter,
          grunt_temple_overflow_open, nicolae_water_bricks
D:7:      layout_loops_cross, serial_shops, nicolae_take_the_stairs
Temple:   nicolae_temple_figure_eight

Skill      XL: |  1  2  3  4  5  6  7  8 |
---------------+-------------------------+-----
Stealth        | 1 2 3 4 |  4.8
Unarmed Combat | 4 5 6 7 8 |  8.9
Dodging        | 5 7 |  7.2
Fighting       | 4 |  4.3

Action                   |  1- 3 |  4- 6 |  7- 9 || total
-------------------------+-------+-------+-------++-------
Melee: Unarmed           |   109 |   116 |   120 ||   345
       Bite              |     8 |     6 |     9 ||    23
       Punch             |     4 |     5 |     4 ||    13
Invok: Berserk           |     2 |     7 |     8 ||    17
       Trog's Hand       |       |       |     1 ||     1
  Use: Scroll            |     1 |     3 |     3 ||     7
 Stab: Sleeping          |     4 |     3 |     2 ||     9
Armor: Skin              |     5 |     7 |     8 ||    20
Dodge: Dodged            |    91 |    90 |    90 ||   271

Table legend: (Time is in decaauts)
 A = Elapsed time spent in this place.
 B = Non-inter-level travel time spent in this place.
 C = Inter-level travel time spent in this place.
 D = Time resting spent in this place.
 E = Time spent auto-exploring this place.
 F = Levels seen in this place.
 G = Mean time per level.
                   A        B        C        D        E       F      G
               +--------+--------+--------+--------+--------+-----+--------+
         Total |   6999 |   6797 |    202 |    749 |   4681 |   8 |  874.9 |
       Dungeon |   6816 |   6623 |    193 |    749 |   4512 |   7 |  973.7 |
        Temple |    182 |    174 |      8 |      0 |    169 |   1 |  182.0 |
               +--------+--------+--------+--------+--------+-----+--------+

Top non-repeatable levels by time:
     D:5: 1377 daAuts
     D:2: 1374 daAuts
     D:3: 1203 daAuts
     D:4: 1181 daAuts
     D:1: 1074 daAuts
     D:6: 588 daAuts
  Temple: 182 daAuts
     D:7: 17 daAuts
